 Dungeon Crawl Stone Soup version 0.30-a0-373-gd37427b (webtiles) character file.

Game seed: 9601172380920933558

5023 Dorkslayer the Spear-Bearer (level 10, 0/99 (114) HPs)
             Began as a Merfolk Fighter on Nov 24, 2022.
             Was an Initiate of Gozag.
             Slain by a hell rat (5 damage)
             ... on level 8 of the Dungeon.
             The game lasted 00:23:56 (6662 turns).

Dorkslayer the Spear-Bearer (Merfolk Fighter)       Turns: 6662, Time: 00:23:57

HP:   0/99 (114)    AC: 16    Str: 19    XL:     10   Next: 55%
MP:   10/10         EV:  7    Int:  9    God:    Gozag
Gold: 959           SH:  5    Dex: 14    Spells: 9/9 levels left

rFire   . . .      SeeInvis .    a - +1 trident
rCold   . . .      Faith    .    c - +0 buckler
rNeg    . . .      Spirit   .    B - +0 plate armour
rPois   .          Reflect  .    l - +0 helmet
rElec   .          Harm     .    (no cloak)
rCorr   .          Rampage  .    A - +0 pair of gloves
Will    .....                    y - +0 pair of boots
Stlth   ..........               e - amulet of regeneration
HPRegen 1.16/turn                w - ring of flight
MPRegen 0.12/turn                (no ring)

@: berserking (expiring), flying, heavily drained, very quick
A: (nimble swimmer 2), mertail
a: Renounce Religion, Potion Petition, Call Merchant, Bribe Branch


You were on level 8 of the Dungeon.
You worshipped Gozag.
Gozag was pleased with you.
You visited 2 branches of the dungeon, and saw 10 of its levels.

You collected 1268 gold pieces.
You spent 192 gold pieces at shops.
You paid 117 gold pieces to Gozag.

Inventory:

Hand Weapons
 a - a +1 trident (weapon)
 i - the +9 shortbow "Rust" {flame, rPois rF- rC++ rN+}
   (You found it on level 4 of the Dungeon)

   Any ammunition fired from it burns those it strikes, dealing additional fire
   damage.
   rF:        It makes you vulnerable to fire.
   rC:        It greatly protects you from cold.
   rPois:     It protects you from poison.
   rN:        It protects you from negative energy.
Missiles
 q - 11 boomerangs (quivered)
Armour
 c - a +0 buckler (worn)
 l - a +0 helmet (worn)
 y - a +0 pair of boots (worn)
 A - a +0 pair of gloves (worn)
 B - a +0 plate armour (worn)
Jewellery
 e - an amulet of regeneration (around neck)
 w - a ring of flight (left hand)
Wands
 x - a wand of paralysis (2)
Scrolls
 b - 2 scrolls of identify
 g - 3 scrolls of enchant armour
 k - 4 scrolls of teleportation
 m - a scroll of amnesia
 n - 3 scrolls of immolation
 p - a scroll of magic mapping
 s - a scroll of poison
 u - a scroll of blinking
 C - a scroll of butterflies
Potions
 d - a potion of haste {unknown}
 j - a potion of flight
 o - 3 potions of curing
 r - 2 potions of attraction
 t - a potion of mutation
Miscellaneous
 f - a phial of floods (inert)


   Skills:
 + Level 6.0 Fighting
 + Level 10.5 Polearms
 * Level 4.3 Ranged Weapons
 + Level 2.9 Throwing
 + Level 5.3 Armour
 + Level 4.5 Dodging
 + Level 3.5 Stealth
 + Level 4.9 Shields
 * Level 5.3 Evocations


You had 9 spell levels left.
You didn't know any spells.
Your spell library contained the following spells:

 Spells                   Type           Power      Damage    Failure   Level
 Kiss of Death            Conj/Necr      0%         2d5       100%        1
 Magic Dart               Conj           0%         1d3       100%        1
 Sting                    Tmut/Pois      0%         1d3       100%        1
 Call Imp                 Summ           0%         N/A       100%        2
 Poisonous Vapours        Pois/Air       0%         N/A       100%        2
 Searing Ray              Conj           0%         2d4       100%        2
 Confusing Touch          Hex            0%         N/A       100%        3
 Gell's Gravitas          Tloc           0%         N/A       100%        3
 Lesser Beckoning         Tloc           0%         N/A       100%        3
 Mephitic Cloud           Conj/Pois/Air  0%         N/A       100%        3
 Teleport Other           Tloc           0%         N/A       100%        3
 Dispel Undead            Necr           0%         3d6       100%        4
 Fulminant Prism          Conj/Hex       0%         3d5       100%        4
 Olgreb's Toxic Radiance  Pois           0%         N/A       100%        4


Dungeon Overview and Level Annotations

Branches:
Dungeon (9/15)             Temple (1/1) D:5            Lair (0/5) D:9
    Orc: D:9-12

Altars:
Ashenzari
Cheibriados
Dithmenos
Elyvilon
Fedhas
Gozag
Hepliaklqana
Kikubaaqudgha
Makhleb
Nemelex Xobeh
Okawaru
Qazlal
Ru
Sif Muna
Trog
Uskayaw
Wu Jian
Xom
Yredelemnul
Zin

Shops:
D:1 *

Annotations:
D:4 4 runed translucent doors
D:6 1 runed translucent door, BoldKobold's ghost, novice MiFi


Innate Abilities, Weirdness & Mutations

((You are very nimble when in or above water. (Stealth+, EV+, Speed+++)))
Your lower body shifts to a powerful aquatic tail in water.


Message History

The death yak barely misses you.
You hit the death yak but do no damage.
The death yak is lightly wounded.
The hell rat closely misses you.
You puncture the death yak!
The death yak is moderately wounded.
The death yak gores you but does no damage.
You block the hell rat's attack.
You hit the death yak.
The death yak is moderately wounded.
You hit the death yak.
The death yak is moderately wounded.
The hell rat bites you but does no damage.
You block the death yak's attack.
You hit the death yak.
The death yak is moderately wounded.
The hell rat bites you.
You barely miss the death yak.
The death yak is moderately wounded.
The death yak gores you!
You puncture the death yak!
The death yak is heavily wounded.
The hell rat bites you.
You hit the death yak.
The death yak is heavily wounded.
The death yak gores you!!
* * * LOW HITPOINT WARNING * * *
The hell rat bites you!
* * * LOW HITPOINT WARNING * * *
You feel drained.
* * * LOW HITPOINT WARNING * * *
You are too berserk!
You puncture the death yak!
The death yak is severely wounded.
The death yak gores you but does no damage.
You barely miss the death yak.
The death yak is severely wounded.
The hell rat bites you.
You die...
Your body crumbles into a pile of gold.

[..........##.##.####..#######...
...........#..#..# #.## #...
.#####.#........#####.# #... )#
###........### #...# #... .#
#....#.##### #.### #...
.###......# #.# ##... ..##...####
#.# ######.... .........# ####.#
##.........
.......#.#######@[..###..#)......
.............##Y[r........[......
.........................#[......
.........########....#.....#.....
########## ##......#####.....
#...##### ###### #...# #####


You could see a death yak and a hell rat.

Vanquished Creatures
  A death yak (D:8)
  A hornet (D:8)
  A troll (D:7)
  4 yaks
  3 steam dragons
  2 water moccasins (D:7)
  An ice beast (D:6)
  2 orc warriors
  3 black bears
  3 phantoms
  2 necrophages (D:6)
  Blork the orc (D:4)
  A bullfrog (D:6)
  2 scorpions
  8 killer bees (D:8)
  4 howler monkeys
  A jelly (D:7)
  7 hounds
  6 orc priests
  3 iguanas
  5 orc wizards
  2 hell rats (D:8)
  8 gnolls
  9 adders
  A shadow imp (D:6)
  2 worms
  3 dart slugs
  36 orcs
  5 ball pythons
  6 endoplasms
  4 giant cockroaches
  7 goblins
  3 hobgoblins (D:1)
  6 jackals (D:1)
  8 kobolds
  6 quokkas
  5 bats
  4 frilled lizards
  7 rats
183 creatures vanquished.

Vanquished Creatures (collateral kills)
  4 killer bees (D:8)
  A hound (D:7)
  A gnoll bouda (D:7)
  2 gnolls (D:7)
  An ufetubus (D:7)
  5 orcs (D:8)
14 creatures vanquished.

Grand Total: 197 creatures vanquished

Notes
Turn   | Place    | Note
-------+----------+-------------------------------------------
     0 | D:1      | Dorkslayer the Merfolk Fighter began the quest for the Orb.
     0 | D:1      | Reached XP level 1. HP: 18/18 MP: 1/1
    69 | D:1      | Reached XP level 2. HP: 19/24 MP: 2/2
   355 | D:1      | Reached XP level 3. HP: 28/29 MP: 3/3
   364 | D:1      | Reached skill level 1 in Dodging
   366 | D:1      | Reached skill level 3 in Polearms
   619 | D:1      | Found Vodimij's General Store.
   646 | D:1      | Bought a scroll of teleportation for 36 gold pieces
   894 | D:2      | Reached XP level 4. HP: 36/36 MP: 4/4
  1878 | D:3      | Identified the +1 ring mail of the Marlin {Fly Str-5 Dex+7}
  2075 | D:3      | Reached skill level 4 in Polearms
  2075 | D:3      | Reached XP level 5. HP: 32/42 MP: 5/5
  2368 | D:4      | Noticed a black bear
  2382 | D:4      | Killed a black bear
  2383 | D:4      | Reached skill level 1 in Throwing
  2383 | D:4      | Reached XP level 6. HP: 39/48 MP: 6/6
  2486 | D:4      | Noticed Blork the orc
  2497 | D:4      | Killed Blork the orc
  2498 | D:4      | Reached skill level 5 in Polearms
  2690 | D:4      | Found a large runed translucent door.
  2690 | D:4      | Found a large runed translucent door.
  2694 | D:4      | Found the +9 staff of Olgreb {rPois∞}
  2698 | D:4      | Found a large runed translucent door.
  2698 | D:4      | Found a large runed translucent door.
  2708 | D:4      | Reached XP level 7. HP: 54/54 MP: 7/7
  2743 | D:4      | Noticed a yak
  2762 | D:4      | Killed a yak
  2763 | D:4      | Reached skill level 6 in Polearms
  2877 | D:4      | Reached skill level 1 in Evocations
  2879 | D:4      | HP: 2/54 [orc priest/divine providence (10)]
  2937 | D:4      | Identified the +9 shortbow "Rust" {flame, rPois rF- rC++
                  | rN+}
  2984 | D:4      | Found a bloodstained altar of Trog.
  3064 | D:5      | Entered Level 5 of the Dungeon
  3090 | D:5      | Found a stormy altar of Qazlal.
  3105 | D:5      | Reached skill level 7 in Polearms
  3105 | D:5      | Reached XP level 8. HP: 44/61 MP: 8/8
  3142 | D:5      | Found a staircase to the Ecumenical Temple.
  3172 | Temple   | Entered the Ecumenical Temple
  3203 | Temple   | Became a worshipper of Gozag Ym Sagoz the Greedy
  3380 | D:5      | Reached skill level 1 in Ranged Weapons
  3452 | D:5      | Found a sparkling altar of Nemelex Xobeh.
  3452 | D:5      | Found a hide-covered altar of Uskayaw.
  3696 | D:6      | Found an ancient bone altar of Kikubaaqudgha.
  3696 | D:6      | Found an iron altar of Okawaru.
  3798 | D:6      | Found a hazy altar of Hepliaklqana.
  3799 | D:6      | Found a shadowy altar of Dithmenos.
  3799 | D:6      | Noticed a shadow
  3895 | D:6      | Reached skill level 8 in Polearms
  3943 | D:6      | Found a runed translucent door.
  3945 | D:6      | Noticed BoldKobold's ghost (novice MiFi)
  3945 | D:6      | Noticed a yak
  4161 | D:6      | Reached skill level 1 in Stealth
  4185 | D:6      | Reached skill level 5 in Fighting
  4185 | D:6      | Reached XP level 9. HP: 59/68 MP: 9/9
  4799 | D:7      | Reached skill level 9 in Polearms
  4950 | D:7      | Found the +7 staff of the Meek {protect, meekguard}
  5037 | D:7      | Noticed a troll
  5077 | D:7      | Killed a troll
  5436 | D:8      | Found a shimmering altar of Xom.
  5725 | D:8      | Reached XP level 10. HP: 75/75 MP: 10/10
  5861 | D:8      | Reached skill level 10 in Polearms
  6179 | D:1      | Bought a potion of might for 48 gold pieces
  6179 | D:1      | Bought a potion of berserk rage for 60 gold pieces
  6179 | D:1      | Bought a scroll of butterflies for 48 gold pieces
  6337 | D:9      | Noticed a death yak
  6337 | D:9      | Found a staircase to the Lair.
  6388 | D:8      | Reached skill level 5 in Armour
  6427 | D:8      | Reached skill level 5 in Evocations
  6462 | D:9      | Noticed a death yak
  6464 | D:9      | Noticed a death yak
  6483 | D:8      | Killed a death yak
  6530 | D:9      | Paralysed by a hornet for 2 turns
  6660 | D:8      | HP: 5/102 [hell rat (8)]
  6662 | D:8      | Slain by a hell rat

Illustrated notes

Levels and vault maps discovered:
D:1:      heliophobic_arrival_henge, layout_basic, serial_shops,
          nicolae_shop_temple_entry_statues_fountains, minmay_liquid_box
D:2:      layout_basic, serial_co_window_serial, co_window_corner_a,
          co_window_paths_a, co_window_corner_a, co_window_paths_b,
          co_window_paths_a, co_window_corner_a, co_window_paths_a,
          co_window_broadway_a, co_window_unsneaky_path_d, co_window_corner_b,
          co_window_4corner_b, glass_columns_b, glass_columns_c,
          glass_columns_b, glass_columns_a
D:3:      layout_rooms, kennysheep_boxes
D:4:      layout_basic, overflow_temple_1_default,
          minmay_hollow_rounded_squares, uniq_blork_the_orc
D:5:      layout_loops_ring, nicolae_qazlal_scattered_showers,
          gammafunk_temple_overflow_wave, minmay_temple_entry_tees,
          due_unseen_surprise
D:6:      layout_basic, riverfiend_overflow_shadow_ancestor,
          chequers_temple_overflow_statue_of_worship, ebering_ghost_inner_flame,
          chequers_serial_rivers_large_a
D:7:      layout_basic, minmay_misc_feat_four_crosses, pf_guarded_unrand_meek
D:8:      layout_rooms, mainiacjoe_overflow_catwalk, eino_jars
D:9:      layout_cave_pods, kennysheep_little_box, dpeg_lair_monsters
Temple:   chequers_temple_sunken

Skill      XL: |  1  2  3  4  5  6  7  8  9 10 |
---------------+-------------------------------+-----
Dodging        | 1 2 3 4 |  4.5
Polearms       | 3 4 5 7 8 9 10 | 10.5
Armour         | 3 4 5 |  5.3
Throwing       | 1 2 |  2.9
Fighting       | 4 5 6 |  6.0
Evocations     | 1 3 4 5 |  5.3
Ranged Weapons | 2 3 4 |  4.3
Shields        | 4 |  4.9
Stealth        | 1 2 3 |  3.5

Action                   |  1- 3 |  4- 6 |  7- 9 | 10-12 || total
-------------------------+-------+-------+-------+-------++-------
Melee: Trident           |   125 |   143 |   412 |   143 ||   823
Throw: Boomerang         |       |    14 |    13 |    10 ||    37
Evoke: Wand              |       |       |     2 |     3 ||     5
       Phial of floods   |       |       |     1 |       ||     1
  Use: Scroll            |       |    10 |    11 |       ||    21
       Potion            |       |     1 |     2 |     6 ||     9
 Stab: Paralysed         |       |       |     3 |    11 ||    14
       Distracted        |       |       |     1 |     1 ||     2
Armor: Scale mail        |    75 |    60 |    99 |       ||   234
       Chain mail        |       |       |    44 |    12 ||    56
       Plate armour      |       |       |       |   103 ||   103
Dodge: Dodged            |    81 |    59 |   145 |    51 ||   336
Block: Buckler           |    30 |    22 |    90 |    39 ||   181

Table legend: (Time is in decaauts)
 A = Elapsed time spent in this place.
 B = Non-inter-level travel time spent in this place.
 C = Inter-level travel time spent in this place.
 D = Time resting spent in this place.
 E = Time spent auto-exploring this place.
 F = Levels seen in this place.
 G = Mean time per level.
                   A        B        C        D        E       F      G
               +--------+--------+--------+--------+--------+-----+--------+
         Total |   6641 |   6370 |    271 |     93 |   2553 |  10 |  664.1 |
       Dungeon |   6599 |   6328 |    271 |     93 |   2553 |   9 |  733.2 |
        Temple |     42 |     42 |      0 |      0 |      0 |   1 |   42.0 |
               +--------+--------+--------+--------+--------+-----+--------+

Top non-repeatable levels by time:
     D:2: 1186 daAuts
     D:8: 994 daAuts
     D:7: 884 daAuts
     D:6: 845 daAuts
     D:4: 824 daAuts
     D:1: 761 daAuts
     D:5: 600 daAuts
     D:3: 474 daAuts
  Temple: 42 daAuts
     D:9: 27 daAuts
